 Dungeon Crawl Stone Soup version 0.20.0-15-g7f486f2 (webtiles) character file.

319139 Jannitor the Warrior (level 20, -11/170 HPs)
             Began as a Mummy Abyssal Knight on June 11, 2017.
             Was an Elder of Lugonu.
             Killed by the air
             ... invoked by a titan
              (34 damage)
             ... on level 5 of the Vaults.
             The game lasted 02:13:48 (69055 turns).

Jannitor the Warrior (Mummy Abyssal Knight)        Turns: 69055, Time: 02:13:49

Health: -11/170    AC: 36    Str: 22    XL:     20   Next: 93%
Magic:  27/27      EV:  4    Int: 13    God:    Lugonu [****..]
Gold:   2727       SH: 25    Dex: 14    Spells: 19/19 levels left

rFire    + + .     SeeInvis +   U - +2 eveningstar (protect)
rCold    + + +     Gourm    .   W - +1 large shield {AC+3}
rNeg     + + +     Faith    .   q - +9 scales of the Dragon King {rPois rF+ rC+ MR+}
rPois    ∞         Spirit   .   n - +0 helmet
rElec    +         Reflect  +   (no cloak)
rCorr    .         Harm     .   G - +0 pair of gloves (curse)
MR       ++++.                  J - +0 pair of boots {run}
Stlth    ..........             g - +3 amulet of reflection
Regen    0.4/turn               F - ring "Qewivah" {rElec Int+2}
MPRegen  0.2/turn               a - ring "Caadoco" {rF++ rC+ MR+ SInv}

@: quick
A: no food or potions, fire vulnerability, cold resistance 1, negative energy
resistance 3, torment resistance, unbreathing, in touch with death 1
}: 1/15 runes: serpentine
a: Depart the Abyss, Bend Space, Banish, Corrupt, Renounce Religion


You were on level 5 of the Vaults.
You worshipped Lugonu.
Lugonu was greatly pleased with you.
You were not hungry.

You visited 6 branches of the dungeon, and saw 33 of its levels.
You visited the Abyss 2 times.
You also visited: Ice Cave, Volcano and Wizlab.

You collected 3921 gold pieces.
You spent 1194 gold pieces at shops.

Inventory:

Hand Weapons
 A - a +1 flail of crushing
 Q - a +4 eveningstar of venom
 R - a +1 morningstar of flaming
 U - a +2 eveningstar of protection (weapon)
 Z - the +10 morningstar "Eos" {elec, Halo rElec}
   (You acquired it on level 3 of the Vaults)

   Occasionally, upon striking a foe, it will discharge some electrical energy
   and cause terrible harm.
   It insulates you from electricity.
Armour
 j - +0 fire dragon scales
 n - a +0 helmet (worn)
 q - the +9 scales of the Dragon King (worn) {rPois rF+ rC+ MR+}
   (You found it on level 12 of the Dungeon)

   It protects you from fire.
   It protects you from cold.
   It protects you from poison.
   It affects your resistance to hostile enchantments.
 B - a scarf of spirit shield
 G - a cursed +0 pair of gloves (worn)
 J - a +0 pair of boots of running (worn)
 W - a +1 large shield of protection (worn)
Jewellery
 a - the ring "Caadoco" (right hand) {rF++ rC+ MR+ SInv}
   (You bought it in a shop on level 2 of the Orcish Mines)

   [ring of protection from cold]

   It greatly protects you from fire.
   It protects you from cold.
   It affects your resistance to hostile enchantments.
   It lets you see invisible.
 g - a +3 amulet of reflection (around neck)
 p - an uncursed ring of flight
 t - an uncursed ring of protection from fire
 D - an uncursed amulet of harm
 F - the ring "Qewivah" (left hand) {rElec Int+2}
   (You found it on level 15 of the Dungeon)

   [ring of intelligence]

   It affects your intelligence (+2).
   It insulates you from electricity.
 K - a +3 ring of protection {unknown}
 T - an uncursed ring of ice {unknown}
 V - an uncursed amulet of regeneration {unknown}
Wands
 b - a wand of iceblast (8/15)
 f - a wand of polymorph (13/24)
 s - a wand of polymorph (5/24)
 y - a wand of acid (3/15)
 z - a wand of scattershot (1/9)
 C - a wand of disintegration (10/24)
 E - a wand of enslavement (10/24)
 H - a wand of iceblast (1/15)
 I - a wand of acid (5/15)
 L - a wand of paralysis (11/24)
 O - a wand of random effects (29/48)
 P - a wand of iceblast (11/15)
 S - a wand of polymorph (14/24)
 Y - a wand of flame (28/48)
Scrolls
 c - 20 scrolls of remove curse
 d - 5 scrolls of fear
 h - 15 scrolls of identify
 i - 11 scrolls of amnesia
 k - 5 scrolls of fog
 l - 2 scrolls of blinking
 m - 3 scrolls of magic mapping
 o - 9 scrolls of recharging
 r - 4 scrolls of enchant weapon
 w - 2 scrolls of enchant armour
 N - a scroll of silence
Books
 u - a book of Misfortune

   Spells                             Type                      Level
   a - Confusing Touch                Hexes                        1
   b - Confuse                        Hexes                        3
   c - Gell's Gravitas                Translocation                3
   d - Petrify                        Transmutation/Earth          4
   e - Metabolic Englaciation         Hexes/Ice                    5
   f - Yara's Violent Unravelling     Hexes/Transmutation          5
 x - a Young Poisoner's Handbook

   Spells                             Type                      Level
   a - Sting                          Conjuration/Poison           1
   b - Poisonous Vapours              Poison/Air                   2
   c - Mephitic Cloud                 Conjuration/Poison/Air       3
   d - Olgreb's Toxic Radiance        Poison                       4
   e - Venom Bolt                     Conjuration/Poison           5
 M - a book of Power

   Spells                             Type                      Level
   a - Iskenderun's Battlesphere      Conjuration/Charms           5
   b - Venom Bolt                     Conjuration/Poison           5
   c - Bolt of Magma                  Conjuration/Fire/Earth       5
   d - Iron Shot                      Conjuration/Earth            6
   e - Orb of Destruction             Conjuration                  7
   f - Spellforged Servitor           Conjuration/Summoning        7


   Skills:
 + Level 17.8 Fighting
 + Level 15.3 Maces & Flails
 + Level 14.5 Armour
 - Level 0.7 Dodging
 * Level 17.0 Shields
 - Level 10.5 Invocations


You had 19 spell levels left.
You didn't know any spells.

Dungeon Overview and Level Annotations

Branches:
Dungeon (15/15)            Temple (1/1) D:7            Lair (6/6) D:8
 Shoals (0/4) Lair:2        Snake (4/4) Lair:3        Slime (0/5) Lair:5
    Orc (2/2) D:9             Elf (0/3) Orc:2        Vaults (5/5) D:13
  Crypt (0/3) Vaults:2     Depths (0/5) D:15

Altars:
Ashenzari
Cheibriados
Dithmenos
Elyvilon
Fedhas
Gozag
Hepliaklqana
Kikubaaqudgha
Makhleb
Nemelex Xobeh
Okawaru
Qazlal
Ru
Sif Muna
Trog
Uskayaw
Vehumet
Xom
Yredelemnul
Zin
The Shining One
Beogh

Shops:
D:14 !   D:15 (   Orc:2 [?==   Snake:2 ==}   Snake:3 [   Vaults:2 }

Portals:
Trove: D:12 (give +5 fire dragon scales)

Annotations:
D:6 1 runed door
D:7 corrupted
Snake:1 exclusion: Roxanne, Roxanne
Snake:4 corrupted, Mara
Orc:2 corrupted
Vaults:5 corrupted
Abyss:1 Joseph


Innate Abilities, Weirdness & Mutations

You do not eat or drink.
Your flesh is vulnerable to fire.
You are immune to poison.
Your flesh is cold resistant. (rC+)
You are immune to negative energy. (rN+++)
You are immune to unholy pain and torment.
You can survive without breathing.
You are in touch with the powers of death.


Message History

* * * LOW HITPOINT WARNING * * *
Unknown command.
Wear which item? (? for menu, Esc to quit)
Okay, then.
Unknown command.
Wield which item (- for none, * to show all)? (? for menu, Esc to quit)
The +10 morningstar "Eos" {elec, Halo rElec} stops crackling.
Your +2 eveningstar of protection hums with potential!
U - a +2 eveningstar of protection (weapon)
The vault warden activates a sealing rune.
The vault warden activates a sealing rune.
The vault warden activates a sealing rune.
A titan comes into view.
The titan shouts!
An orc sorcerer comes into view. It is wielding a dagger of speed.
The orc sorcerer shouts!
An orc warrior comes into view. It is wielding a hand axe.
The titan waves its arms in wide circles.
The air twists around and strikes you!
You die...

*********##################
,,,,,,,,,...o.............#
,,,,,,,,,......o@..u.C....#
*********#############....#
,,,,,,,,,,,,,,,,,,#.......#
,,,,,,,,,,,,,,,...'C...#..#
***,,*,*,*,*,*,#..###..#..#
#.....,,,,,,,,,..,,,#..#..#
#.....,,,,,,,,,,,,,,####..#
....C#,*,*,*.#,*,....,.#p.#
.....*,,,,,p..Q*,......#pp#


You could see a titan, a white ugly thing, an orc sorcerer and an orc warrior.

Vanquished Creatures
  Vashnia (Snake:1)
  2 profane servitors (Abyss:1)
  Jorgrun (Vaults:4)
  3 liches
  2 sphinxes
  5 tentacled starspawn
  A tengu reaver (Vaults:3)
  3 nagarajas (Snake:3)
  3 fire giants
  A storm dragon (Vaults:3)
  A deep elf sorcerer (Vaults:1)
  A frost giant (Vaults:4)
  10 vault wardens
  Aizul (Snake:1)
  A stone giant (Vaults:3)
  16 ironheart preservers
  5 very ugly things (Vaults:3)
  A reaper (Abyss:1)
  2 entropy weavers
  A green draconian (Abyss:1)
  5 ettins
  A deep elf death mage (Vaults:1)
  A blizzard demon (Abyss:1)
  A crystal guardian (Vaults:2)
  5 fire dragons
  7 yaktaur captains
  Josephine (Abyss:1)
  29 vault guards
  An ice dragon (Lair:6)
  2 rakshasas
  A great orb of eyes (Abyss:2)
  A quicksilver dragon skeleton (Abyss:1)
  4 hydras
  4 centaur warriors
  Erica (D:8)
  A catoblepas (Lair:4)
  17 naga warriors
  2 death knights
  10 anacondas
  5 deep troll shamans
  2 tengu warriors (D:15)
  10 ogre magi
  23 two-headed ogres
  6 death yaks (Lair:6)
  5 deep troll earth magi
  4 hell hogs
  15 naga sharpshooters
  An orc high priest (Orc:2)
  Urug (Lair:5)
  10 shock serpents
  A hell knight (Abyss:2)
  A shadow wraith (Vaults:1)
  4 deep elf knights
  Sonja (D:10)
  2 wretched stars (Abyss:1)
  A sun demon (Abyss:1)
  A sixfirhy (Abyss:1)
  4 salamander mystics
  16 deep trolls
  7 naga ritualists
  8 unseen horrors
  2 phantasmal warriors (D:14)
  5 deep elf archers
  A deep troll (shapeshifter) (Vaults:1)
  12 ironbrand convokers
  A wolf spider zombie (Abyss:1)
  6 harpies
  12 deep elf magi
  10 orc knights
  3 wizards
  14 mana vipers
  22 ugly things
  7 wolf spiders
  2 worldbinders
  3 cyclopes
  3 manticores
  13 salamanders
  A salamander (shapeshifter) (Vaults:1)
  43 black mambas
  The ghost of Fv001 the Cudgeler, a novice GrFi of Okawaru (D:7)
  8 elephants
  3 guardian serpents
  A fire giant skeleton (Abyss:1)
  9 vault sentinels
  5 centaur zombies
  6 smoke demons
  2 apocalypse crabs (Abyss:1)
  2 ice statues (IceCv)
  22 spiny frogs
  22 naga magi
  A black mamba (shapeshifter) (Vaults:3)
  An orange demon (Abyss:1)
  A torpor snail (Lair:5)
  A gargoyle (D:11)
  3 kobold demonologists
  7 rime drakes
  19 yaktaurs
  6 komodo dragons
  2 ice devils (D:11)
  9 freezing wraiths
  5 hellwings
  5 ancient zymes
  2 trolls
  11 large abominations
  2 hornets
  3 polar bears
  3 tyrant leeches
  13 raiju (Abyss:1)
  9 slime creatures
  19 hippogriffs
  A meliai zombie (D:10)
  20 blink frogs
  5 ynoxinuls
  A redback (Vaults:3)
  A shadow (Abyss:1)
  A vampire (D:15)
  A spriggan (shapeshifter) (Abyss:2)
  11 small abominations
  A tarantella (Vaults:4)
  14 wyverns
  5 fire bats
  4 basilisks
  4 chaos spawn
  8 wraiths
  25 yaks
  3 hungry ghosts
  A hog (shapeshifter) (Vaults:1)
  16 vampire mosquitoes
  A warg (shapeshifter) (Vaults:2)
  13 water moccasins
  3 two-headed ogre zombies (D:9)
  5 acid dragons
  2 soldier ants
  5 wargs
  64 nagas
  12 porcupines
  6 hell hounds
  21 orc warriors
  19 ice beasts
  3 sky beasts
  4 black bears
  A necrophage (D:13)
  A boggart (shapeshifter) (Vaults:3)
  41 wolves
  4 boggarts (D:14)
  3 phantoms (D:9)
  23 ogres
  13 centaurs
  11 crocodiles
  2 big kobolds
  26 bullfrogs
  2 scorpions
  4 killer bees (D:11)
  A water moccasin skeleton (D:11)
  3 wights (D:11)
  6 howler monkeys
  An electric eel (Lair:6)
  9 crimson imps
  8 quasits
  3 starcursed masses (Abyss:1)
  3 bullfrog zombies
  6 jellies
  5 bullfrog skeletons
  26 orc priests
  3 centaur skeletons
  3 iron imps (Abyss:1)
  24 orc wizards
  11 hounds
  Terence (D:2)
  4 iguanas
  15 worker ants
  5 ogre zombies (D:9)
  A hound skeleton (D:7)
  A hound zombie (D:10)
  2 howler monkey zombies
  Robin (D:4)
  10 gnolls
  11 adders
  4 shadow imps
  5 white imps
  An ufetubus (Abyss:2)
  3 oozes
  2 adder zombies
  A worm (D:5)
  7 leopard geckos
  89 orcs
  4 ball pythons
  8 bats
  8 giant cockroaches
  15 goblins
  9 hobgoblins
  20 jackals
  16 kobolds
  11 quokkas
  7 frilled lizards
  A goblin skeleton (D:9)
  5 goblin zombies (D:9)
  2 hobgoblin skeletons (D:9)
  3 hobgoblin zombies (D:9)
  3 orc skeletons (D:9)
  11 orc zombies (D:9)
  A quokka skeleton (D:8)
  6 rats
  6 starspawn tentacles (Abyss:1)
1468 creatures vanquished.

Vanquished Creatures (others)
  4 nagarajas (Snake:4)
  A vault warden (Vaults:2)
  A deep elf elementalist (Vaults:5)
  An ironheart preserver (Vaults:5)
  2 stone giants
  A deep elf annihilator (Vaults:1)
  The ghost of Enroth the Cleaver, a journeyman BaFi of Okawaru (Snake:1)
  2 ice dragons (IceCv)
  A hydra (Lair:2)
  A vault guard (Vaults:5)
  7 naga warriors (Snake:4)
  2 two-headed ogres (Volcano)
  A catoblepas (shapeshifter) (Snake:4)
  A catoblepas (Lair:3)
  A centaur warrior (D:13)
  2 orc high priests (Orc:2)
  10 naga sharpshooters
  A shock serpent (Snake:4)
  2 deep elf knights (Vaults:1)
  An unseen horror (D:11)
  2 naga ritualists (Snake:4)
  3 deep elf archers
  A deep troll (D:15)
  A lindwurm (Lair:3)
  3 ironbrand convokers
  5 orc knights
  4 orc sorcerers (Orc:2)
  A cyclops (Vaults:2)
  An ugly thing (D:11)
  A manticore (D:11)
  2 guardian serpents (Snake:3)
  2 elephants (Lair:3)
  12 naga magi
  3 black mambas
  A rime drake (Lair:6)
  3 spiny frogs
  3 komodo dragons
  3 yaktaurs (Vaults:4)
  A tyrant leech (Lair:6)
  A shadow dragon simulacrum (Abyss:1)
  A hornet (D:8)
  A snapping turtle (Lair:2)
  A blink frog (Lair:2)
  A hippogriff (D:7)
  A shadow (D:7)
  A spriggan (D:7)
  A basilisk (Lair:6)
  A yak (Lair:1)
  3 golden eyes (Abyss:1)
  An acid dragon (D:7)
  6 nagas (Snake:4)
  A spatial vortex (Vaults:5)
  A water moccasin (Lair:6)
  A porcupine (D:8)
  8 orc warriors
  2 ice beasts (IceCv)
  An ogre (D:7)
  A boggart (D:14)
  A small abomination (Abyss:2)
  A wight (D:7)
  6 orc wizards
  A hound (D:7)
  3 orc priests
  4 orcs
  3 bushes
  13 fungi
  A lurking horror (Abyss:1)
  37 plants
  29 starspawn tentacles
228 creatures vanquished.

Grand Total: 1696 creatures vanquished

Notes
Turn   | Place    | Note
-------+----------+-------------------------------------------
     0 | Abyss:1  | Jannitor the Mummy Abyssal Knight began the quest for the Orb.
     0 | Abyss:1  | Reached XP level 1. HP: 18/18 MP: 2/2
    47 | Abyss:1  | Noticed a smoke demon
   108 | D:1      | Escaped the Abyss
   567 | D:1      | Reached XP level 2. HP: 24/24 MP: 3/3
   601 | D:1      | Reached * piety under Lugonu
  1098 | D:1      | Reached XP level 3. HP: 23/29 MP: 4/4
  1266 | D:2      | Noticed Terence
  1648 | D:2      | Reached XP level 4. HP: 25/35 MP: 5/5
  2224 | D:2      | Reached ** piety under Lugonu
  2441 | D:3      | Reached XP level 5. HP: 28/42 MP: 6/6
  3572 | D:2      | Killed Terence
  4040 | D:3      | Reached XP level 6. HP: 32/49 MP: 7/7
  4206 | D:3      | Reached *** piety under Lugonu
  4785 | D:4      | Found a glowing golden altar of the Shining One.
  4976 | D:4      | Found a snail-covered altar of Cheibriados.
  4976 | D:4      | Found a shimmering altar of Xom.
  5200 | D:4      | Noticed Robin
  5218 | D:4      | Killed Robin
  5279 | D:5      | Entered Level 5 of the Dungeon
  5412 | D:5      | Reached skill level 5 in Fighting
  5412 | D:5      | Reached XP level 7. HP: 54/56 MP: 8/8
  6169 | D:5      | Reached **** piety under Lugonu
  6175 | D:5      | Reached XP level 8. HP: 57/64 MP: 10/10
  6538 | D:6      | Found a faded altar of an unknown god.
  6538 | D:6      | Found a blossoming altar of Fedhas.
  6543 | D:6      | Found a radiant altar of Vehumet.
  6545 | D:6      | Found a glowing golden altar of the Shining One.
  6546 | D:6      | Found a faded altar of an unknown god.
  6621 | D:6      | Found a runed door.
  6990 | D:7      | Noticed a hippogriff
  6998 | D:7      | Corrupted D:7
  6998 | D:7      | Noticed a rust devil
  6998 | D:7      | Noticed a thrashing horror
  7002 | D:7      | Killed a hippogriff
  7004 | D:7      | Noticed a flying skull
  7005 | D:7      | Noticed a thrashing horror
  7014 | D:7      | Noticed a large abomination
  7016 | D:7      | Noticed a thrashing horror
  7018 | D:7      | Noticed a thrashing horror
  7020 | D:7      | Noticed a thrashing horror
  7021 | D:7      | Noticed a thrashing horror
  7051 | D:7      | Noticed a great orb of eyes
  7301 | D:7      | Reached skill level 5 in Maces & Flails
  7368 | D:7      | Noticed Joseph
  7425 | D:7      | Reached skill level 5 in Armour
  8450 | D:7      | Reached XP level 9. HP: 57/71 MP: 12/12
  9240 | D:7      | Got a bloodstained chain mail
  9254 | D:7      | Reached skill level 5 in Invocations
  9324 | D:7      | Identified the cursed +0 chain mail of Theory {rPois Slay+6} (You found it on level 7 of the Dungeon)
  9388 | D:7      | Found a staircase to the Ecumenical Temple.
  9480 | Temple   | Entered the Ecumenical Temple
 10498 | D:7      | Noticed Fv001's ghost (novice GrFi)
 10523 | D:7      | Killed Fv001's ghost
 10653 | D:8      | Noticed Erica
 11112 | D:8      | Killed Erica
 11112 | D:8      | Reached XP level 10. HP: 56/80 MP: 14/14
 11425 | D:8      | Found a staircase to the Lair.
 12543 | D:9      | Found a shadowy altar of Dithmenos.
 13003 | D:9      | Found a staircase to the Orcish Mines.
 13127 | D:9      | Reached ***** piety under Lugonu
 13722 | D:9      | Found an opulent altar of Gozag.
 13722 | D:9      | Found an iron altar of Okawaru.
 13810 | D:10     | Entered Level 10 of the Dungeon
 14085 | D:10     | Banished Joseph
 14281 | D:10     | Found a glowing golden altar of the Shining One.
 14329 | D:10     | Noticed Sonja
 14530 | D:10     | Noticed Josephine
 14535 | D:10     | Banished Josephine
 14535 | D:10     | Reached XP level 11. HP: 79/89 MP: 7/16
 14560 | D:10     | Killed Sonja
 15487 | D:11     | Found a frozen archway.
 15761 | IceCv    | Entered an ice cave
 17444 | IceCv    | Reached skill level 10 in Fighting
 17489 | IceCv    | Noticed an ice dragon
 17505 | IceCv    | Banished an ice dragon
 17690 | IceCv    | Noticed an ice dragon
 17690 | IceCv    | Banished an ice dragon
 18162 | D:11     | Banished an unseen horror
 18310 | D:11     | Noticed a red ugly thing
 18314 | D:11     | Banished a red ugly thing
 18996 | Lair:1   | Entered Level 1 of the Lair of Beasts
 19007 | D:8      | Reached XP level 12. HP: 60/98 MP: 5/18
 20611 | Lair:1   | Got a steaming amber ring
 21275 | Lair:2   | Noticed a four-headed hydra
 21276 | Lair:2   | Banished a four-headed hydra
 21801 | Lair:2   | Found a staircase to the Shoals.
 23040 | Lair:2   | Reached skill level 10 in Invocations
 23054 | Lair:2   | Gained mutation: You are in touch with the powers of death. [Mummy growth]
 23054 | Lair:2   | Reached XP level 13. HP: 71/106 MP: 14/20
 23749 | Lair:2   | Reached skill level 10 in Armour
 24961 | Lair:1   | Reached skill level 10 in Maces & Flails
 25358 | Lair:2   | Reached skill level 1 in Shields
 25833 | Lair:3   | Found a staircase to the Snake Pit.
 26498 | Lair:4   | Got a vibrating wooden ring
 27469 | Lair:4   | Identified the ring "Ytoul" {SInv Stlth-} (You found it on level 4 of the Lair of Beasts)
 27470 | Lair:4   | Identified the ring "Ummuyts" {rPois rN+ MP+9 Stlth+} (You found it on level 1 of the Lair of Beasts)
 27537 | Lair:5   | Found a staircase to the Slime Pits.
 27572 | Lair:5   | Identified 2 scrolls of acquirement
 27729 | Lair:5   | Found a dark tunnel.
 27978 | Volcano  | Entered a volcano
 28473 | Volcano  | Got a pair of crude boots
 28479 | Volcano  | Identified the +2 pair of boots of Pleasant Breezes {rPois Str+2} (You found it in a volcano)
 29098 | Lair:5   | Reached skill level 5 in Shields
 29295 | Lair:5   | Noticed Urug
 29317 | Lair:5   | Killed Urug
 29675 | Lair:5   | Reached XP level 14. HP: 113/116 MP: 19/21
 29854 | Lair:6   | Entered Level 6 of the Lair of Beasts
 32718 | Lair:6   | Identified a +0 pair of boots of running (You found it on level 6 of the Lair of Beasts)
 33676 | Orc:1    | Entered Level 1 of the Orcish Mines
 33845 | Orc:2    | Entered Level 2 of the Orcish Mines
 33862 | Orc:1    | Noticed an orc warlord
 34090 | Orc:2    | Found a staircase to the Elven Halls.
 34095 | Orc:2    | Found a roughly hewn altar of Beogh.
 34488 | Orc:2    | Corrupted Orc:2
 34488 | Orc:2    | Noticed a tentacled starspawn
 34488 | Orc:2    | Noticed a starcursed mass
 34488 | Orc:2    | Noticed a tentacled starspawn
 34488 | Orc:2    | Noticed a white draconian stormcaller
 34491 | Orc:2    | Noticed a tentacled starspawn
 34497 | Orc:2    | Noticed a tentacled starspawn
 34516 | Orc:2    | Noticed a starcursed mass
 34569 | Orc:2    | Noticed a tentacled starspawn
 34594 | Orc:2    | Found Raubb's Jewellery Shop.
 34597 | Orc:2    | Found Fikupn's Magic Scroll Shoppe.
 34602 | Orc:2    | Bought the ring "Caadoco" {rF++ rC+ MR+ SInv} for 830 gold pieces
 34606 | Orc:2    | Bought a scroll of teleportation for 30 gold pieces
 34606 | Orc:2    | Bought a scroll of teleportation for 30 gold pieces
 34606 | Orc:2    | Found Keimuser's Armour Shoppe.
 34608 | Orc:2    | Found Holuipp's Jewellery Shop.
 34952 | Orc:1    | Banished an orc warlord
 35595 | D:12     | Found a portal to a secret trove of treasure.
 36451 | D:13     | Reached XP level 15. HP: 94/124 MP: 17/22
 37284 | D:13     | Found a gate to the Vaults.
 37689 | D:14     | Found Ogrok's Distillery.
 38479 | D:15     | Entered Level 15 of the Dungeon
 38499 | D:15     | Found Zofufreagh's Antique Weapon Shoppe.
 39157 | D:15     | Got a scorched glass ring
 39811 | D:15     | Found a staircase to the Depths.
 39944 | D:15     | Reached skill level 10 in Shields
 40749 | Snake:1  | Entered Level 1 of the Snake Pit
 40873 | Snake:1  | Found a shimmering altar of Xom.
 41309 | Snake:1  | Noticed Enroth's ghost (journeyman BaFi)
 41312 | Snake:1  | Banished Enroth's ghost
 41381 | Snake:1  | Noticed Aizul
 41420 | Snake:1  | Killed Aizul
 42477 | Snake:1  | Reached XP level 16. HP: 108/133 MP: 16/23
 42627 | Snake:1  | Noticed Roxanne
 43887 | Snake:2  | Identified the ring "Qewivah" {rElec Int+2} (You found it on level 15 of the Dungeon)
 44770 | Snake:2  | Found an iron altar of Okawaru.
 44801 | Snake:2  | Found Sosaikew's Jewellery Shop.
 44802 | Snake:2  | Found Kaskovint's Gadget Emporium.
 44803 | Snake:2  | Found Redep's Jewellery Shop.
 46102 | Snake:3  | Noticed Vashnia
 48233 | Snake:1  | Killed Vashnia
 50201 | Snake:3  | Found Ceoxuto's Antique Armour Shop.
 50225 | Snake:3  | Bought a spiked shield for 304 gold pieces
 50235 | Snake:3  | Identified the +5 shield "Nobo" {Str-2 Dex+7} (You bought it in a shop on level 3 of the Snake Pit)
 50891 | Snake:3  | Reached XP level 17. HP: 124/140 MP: 24/24
 51011 | Snake:4  | Entered Level 4 of the Snake Pit
 51587 | Snake:4  | Reached skill level 15 in Fighting
 53848 | Snake:4  | Corrupted Snake:4
 53848 | Snake:4  | Noticed a lich
 53900 | Snake:4  | Noticed Mara
 53925 | Snake:4  | Noticed Jannitor's illusion
 54825 | Snake:4  | Got a serpentine rune of Zot
 54836 | Snake:4  | Noticed Jannitor's illusion
 55452 | Vaults:1 | Entered Level 1 of the Vaults
 56782 | Vaults:1 | Reached XP level 18. HP: 142/151 MP: 25/25
 58455 | Vaults:2 | Found a staircase to the Crypt.
 58455 | Vaults:2 | Found an ancient bone altar of Kikubaaqudgha.
 58456 | Vaults:2 | Found a basalt altar of Yredelemnul.
 58724 | Vaults:2 | Found Kaaptu's Gadget Boutique.
 59265 | Vaults:2 | Noticed a lich
 59279 | Vaults:2 | Killed a lich
 60344 | Vaults:3 | Found a magical portal.
 60353 | WizLab   | Entered The Roulette of Golubria
 60353 | WizLab   | Found a transporter.
 61280 | Vaults:2 | Reached XP level 19. HP: 145/159 MP: 26/26
 61777 | Vaults:3 | Reached skill level 15 in Shields
 63535 | Abyss:1  | Killed Josephine
 63871 | Abyss:1  | Noticed a lich
 63878 | Abyss:1  | Killed a lich
 64193 | Abyss:1  | Paralysed by accursed screaming for 1 turns
 64453 | Abyss:1  | Found a corrupted altar of Lugonu.
 64689 | Abyss:1  | Noticed a profane servitor
 64720 | Abyss:1  | Killed a profane servitor
 64746 | Abyss:1  | Paralysed by accursed screaming for 1 turns
 64820 | Abyss:1  | Noticed a bone dragon
 65129 | Abyss:1  | Reached XP level 20. HP: 126/168 MP: 27/27
 65187 | Abyss:1  | Noticed a profane servitor
 65327 | Abyss:1  | Killed a profane servitor
 65727 | Abyss:2  | Noticed a bone dragon
 65822 | Abyss:2  | Noticed a bone dragon
 66080 | Vaults:4 | Escaped the Abyss
 66755 | Vaults:4 | Reached skill level 15 in Maces & Flails
 67165 | Vaults:4 | Noticed Jorgrun
 67386 | Vaults:4 | Killed Jorgrun
 68238 | Vaults:5 | Entered Level 5 of the Vaults
 68240 | Vaults:5 | Corrupted Vaults:5
 69055 | Vaults:5 | Killed from afar by a titan

Skill      XL: |  1  2  3  4  5  6  7  8  9 10 11 12 13 14 15 16 17 18 19 20 |
---------------+-------------------------------------------------------------+-----
Maces & Flails | 2 3 4 5 6 7 8 9 10 11 12 13 14 15 | 15.3
Armour         | 2 3 4 5 6 7 8 9 10 11 12 13 14 | 14.5
Fighting       | 4 5 6 7 9 10 11 12 13 14 15 16 17 | 17.8
Invocations    | 2 3 4 6 7 8 10 | 10.5
Shields        | 5 8 10 12 13 14 15 17 | 17.0
Dodging        | |  0.7

Action                   |  1- 3 |  4- 6 |  7- 9 | 10-12 | 13-15 | 16-18 | 19-21 || total
-------------------------+-------+-------+-------+-------+-------+-------+-------++-------
Melee: Whip              |   107 |   474 |   494 |       |       |       |       ||  1075
       Mace              |     4 |       |       |       |       |       |       ||     4
       Flail             |       |       |   153 |  1232 |   496 |       |       ||  1881
       Eveningstar       |       |       |       |       |  1105 |  2523 |    71 ||  3699
       Morningstar       |       |       |       |       |   233 |       |  1077 ||  1310
Invok: Depart the Abyss  |     1 |       |       |       |       |       |     1 ||     2
       Bend Space        |       |       |     1 |     1 |     1 |     1 |     2 ||     6
       Corrupt           |       |       |     1 |       |     1 |     1 |     1 ||     4
       Banish            |       |       |       |    24 |    35 |    25 |       ||    84
       Enter the Abyss   |       |       |       |       |       |       |     1 ||     1
Evoke: Wand              |       |       |     6 |       |    13 |       |     2 ||    21
       Phantom mirror    |       |       |       |       |       |     2 |       ||     2
  Use: Scroll            |       |     2 |     3 |    12 |    17 |     9 |    18 ||    61
 Stab: Distracted        |       |       |       |       |       |     1 |       ||     1
Armor: Leather armour    |     4 |       |       |       |       |       |       ||     4
       Scale mail        |    50 |    96 |       |       |       |       |       ||   146
       Chain mail        |       |   116 |   418 |   701 |   423 |       |       ||  1658
       Gold dragon scale |       |       |       |       |   484 |  1241 |   584 ||  2309
Dodge: Dodged            |    72 |   180 |   312 |   737 |   389 |   156 |    74 ||  1920
Block: Other             |       |       |       |    50 |     4 |       |       ||    54
       Reflection        |       |       |       |     2 |    43 |   245 |    53 ||   343
       Shield            |       |       |       |       |  1406 |  1310 |       ||  2716
       Large shield      |       |       |       |       |       |  1169 |  1256 ||  2425
